 Dungeon Crawl Stone Soup version 0.31.0-4-g52a2dc7128 (webtiles) character file.

Game seed: 3937850418281905733

507 Persephone the Chopper (level 7, -2/41 HPs)
             Began as a Gargoyle Fighter on Jan 22, 2024.
             Was a Follower of Zin.
             Slain by Pikel
             ... wielding a +1 whip of freezing
              (4 damage)
             ... on level 4 of the Dungeon.
             The game lasted 00:06:10 (3011 turns).

Persephone the Chopper (Gargoyle Fighter)           Turns: 3011, Time: 00:06:11

Health: -2/41      AC: 13    Str: 22    XL:     7   Next: 18%
Magic:  7/7        EV:  9    Int:  8    God:    Zin [*.....]
Gold:   135        SH:  5    Dex:  9    Spells: 6/6 levels left

rFire   . . .        a - +1 war axe
rCold   . . .        c - +1 buckler
rNeg    + . .        b - +0 scale mail
rPois   ∞            (no helmet)
rElec   +            q - +1 cloak
rCorr   .            (no gloves)
SInv    .            (no boots)
Will    .....        (no amulet) Stlth
                     (no ring)
HPRegen 0.26/turn    (no ring)
MPRegen 0.10/turn

%: no passive effects
@: mighty
A: sickness immunity, AC +4, negative energy resistance 1, electricity
resistance, torment resistance 1, petrification resistance
a: Renounce Religion, Recite, Donate Gold


You were on level 4 of the Dungeon.
You worshipped Zin.
Zin was aware of your devotion.
You visited 1 branch of the dungeon, and saw 4 of its levels.

You collected 149 gold pieces.
You donated 14 gold pieces to Zin.

Inventory:

Hand Weapons
 a - a +1 war axe (weapon)
Armour
 b - a +0 scale mail (worn)
 c - a +1 buckler (worn)
 q - a +1 cloak (worn)
Jewellery
 l - a +6 ring of intelligence
Wands
 k - a wand of iceblast (3)
 p - a wand of polymorph (6)
Scrolls
 e - 2 scrolls of teleportation
 i - a scroll of vulnerability
 j - 3 scrolls of identify {unknown}
 o - 3 scrolls of fog {unknown}
Potions
 f - a potion of invisibility {unknown}
 g - a potion of curing {unknown}
 h - a potion of heal wounds {unknown}
 m - a potion of brilliance {unknown}
 n - a potion of enlightenment {unknown}


   Skills:
 - Level 3.2 Fighting
 + Level 7.0 Axes
 - Level 3.2 Armour
 - Level 3.2 Shields


You had 6 spell levels left.
You didn't know any spells.
Your spell library contained the following spells:

 Spells                   Type           Power      Damage    Failure   Level
 Call Canine Familiar     Summ           0%         N/A       99%         3
 Sigil of Binding         Hex            0%         N/A       99%         3
 Dimensional Bullseye     Hex/Tloc       0%         N/A       100%        4


Dungeon Overview and Level Annotations

Branches:
Dungeon (4/15)             Temple (0/1) D:4

Altars:
Fedhas
Zin

Shops:
D:3 ?

Annotations:
D:4 2 transporters, Pikel


Innate Abilities, Weirdness & Mutations

You are immune to sickness and miasma.
Your stone body is resilient. (AC +4)
You are immune to poison.
You resist negative energy. (rN+)
You are resistant to electric shocks. (rElec)
You are resistant to unholy torment.
You are immune to petrification.


Message History

Pikel hits you with a +1 whip of freezing.
Pikel freezes you.
You hit Pikel.
Pikel is moderately wounded.
Pikel hits you with a +1 whip of freezing.
Pikel freezes you.
You hit Pikel but do no damage.
Pikel is moderately wounded.
Pikel hits you but does no damage.
Pikel hits you with a +1 whip of freezing.
Pikel freezes you.
* * * LOW HITPOINT WARNING * * *
You feel very mighty all of a sudden. Pikel barely misses you.
You barely miss Pikel.
Pikel is moderately wounded.
Pikel hits you with a +1 whip of freezing.
* * * LOW HITPOINT WARNING * * *
Pikel freezes you.
* * * LOW HITPOINT WARNING * * *
You hit Pikel.
Pikel is moderately wounded.
Pikel closely misses you.
You slash Pikel!
Pikel is heavily wounded.
You block Pikel's attack.
You closely miss Pikel.
Pikel is heavily wounded.
Pikel barely misses you.
You closely miss Pikel.
Pikel is heavily wounded.
Pikel says, "Asmodeus and me are pals.
He gave me this whip."
Pikel closely misses you.
You hit Pikel but do no damage.
Pikel is heavily wounded.
Pikel hits you with a +1 whip of freezing!
* * * LOW HITPOINT WARNING * * *
Pikel freezes you.
You die...
Pikel says, "Another soul for the market."

######....#
.......!..#
..........#
....5.....#
......#'###
K...l #5l#
.5.5 #55# ...
#K###### ..
##@#....# .
#..#....#
#..'....#
#..#....#
#..#....#
#+####..#....#
#.......#....#
#......<#....#
#.......#....#


You could see Pikel, 3 lemures and an iguana.

Vanquished Creatures
  An ogre (D:4)
  A scorpion (D:4)
  Crazy Yiuf (D:2)
  A hound (D:4)
  An orc priest (D:4)
  Natasha (twice) (D:2)
  An orc wizard (D:4)
  An iguana (D:4)
  3 gnolls (D:2)
  5 adders
  2 ufetubi (D:4)
  2 dart slugs
  4 orcs (D:4)
  6 endoplasms
  4 giant cockroaches
  5 goblins
  4 hobgoblins
  7 jackals
  A quokka (D:3)
  17 ball pythons
  9 bats
  A frilled lizard (D:2)
  8 kobolds
  5 rats
92 creatures vanquished.

Notes
Turn   | Place    | Note
-------+----------+-------------------------------------------
     0 | D:1      | Persephone the Gargoyle Fighter began the quest for the
                  | Orb.
     0 | D:1      | Reached XP level 1. HP: 14/14 MP: 1/1
    23 | D:1      | Reached skill level 2 in Axes
    67 | D:1      | Found a faded altar of an unknown god.
   241 | D:1      | Reached XP level 2. HP: 19/19 MP: 2/2
   753 | D:2      | Reached skill level 3 in Axes
   759 | D:2      | Reached XP level 3. HP: 21/23 MP: 3/3
   797 | D:2      | Reached XP level 4. HP: 7/28 MP: 4/4
  1022 | D:2      | Noticed Natasha
  1027 | D:2      | Killed Natasha
  1028 | D:2      | Reached skill level 4 in Axes
  1379 | D:2      | Noticed Natasha
  1388 | D:2      | Killed Natasha
  1389 | D:2      | Reached XP level 5. HP: 20/32 MP: 5/5
  1648 | D:2      | Found a runed translucent door.
  1650 | D:2      | Noticed Crazy Yiuf
  1733 | D:2      | Killed Crazy Yiuf
  1734 | D:2      | Reached skill level 5 in Axes
  2351 | D:3      | Found Zadynib's Magic Scroll Boutique.
  2551 | D:4      | Found a blossoming altar of Fedhas.
  2572 | D:4      | Reached XP level 6. HP: 37/37 MP: 6/6
  2621 | D:4      | Reached skill level 6 in Axes
  2638 | D:4      | Found a transporter.
  2727 | D:4      | Found a glowing silver altar of Zin.
  2787 | D:4      | Became a worshipper of Zin the Law-Giver
  2787 | D:4      | Reached * piety under Zin
  2926 | D:4      | Found a staircase to the Ecumenical Temple.
  2939 | D:4      | Reached skill level 7 in Axes
  2939 | D:4      | Reached XP level 7. HP: 41/41 MP: 7/7
  2954 | D:4      | Found a transporter.
  2979 | D:4      | Noticed Pikel
  3011 | D:4      | HP: 2/41 [Pikel/+1 whip of freezing (9)]
  3011 | D:4      | Slain by Pikel

Illustrated notes

Levels and vault maps discovered:
D:1:      dpeg_arrival_radiant, layout_basic,
          shapermc_ecumenical_altar_acropolis, roderic_lattice_a,
          minmay_ruptured
D:2:      layout_basic, uniq_natasha, uniq_crazy_yiuf_cottage
D:3:      layout_basic, serial_shops, shop, minmay_shallow_snake_nest
D:4:      gammafunk_wand_slinger, layout_gridville,
          mainiacjoe_overflow_tiny_flanked, fedhas_altar_3,
          nicolae_ru_sacrificial_ziggurat, lemuel_coloured_pillars_altar,
          minmay_temple_entry_gardened_gates, uniq_pikel

Skill      XL: |  1  2  3  4  5  6 |
---------------+-------------------+-----
Axes           | 2 3 4 5 7 |  7.0
Fighting       | |  3.2
Armour         | |  3.2
Shields        | |  3.2

Action                     |  1- 3 |  4- 6 |  7- 9 || total
---------------------------+-------+-------+-------++-------
  Melee: War axe           |    94 |   189 |    23 ||   306
         Unarmed           |       |     3 |       ||     3
    Use: Potion            |       |     1 |     1 ||     2
         Scroll            |       |     6 |       ||     6
 Armour: Scale mail        |    71 |   169 |    16 ||   256
         Skin              |       |     2 |       ||     2
  Dodge: Dodged            |    48 |   112 |     8 ||   168
  Block: Buckler           |    27 |    41 |     3 ||    71
